 Dungeon Crawl Stone Soup version 0.29-a0-43-g62a80824bf (webtiles) character file.

Game seed: 6244753261017214287

55084 robertstho the Grappler (level 14, -8/144 HPs)
             Began as a Troll Delver on Feb 2, 2022.
             Was a High Priest of Okawaru.
             Killed from afar by Azrael (42 damage)
             ... with damnation
             ... on level 2 of the Orcish Mines.
             The game lasted 00:33:47 (18574 turns).

robertstho the Grappler (Troll Delver)             Turns: 18574, Time: 00:33:56

Health: -8/144     AC: 21    Str: 31    XL:     14   Next: 37%
Magic:  16/18      EV: 13    Int: 11    God:    Okawaru [*****.]
Gold:   2754       SH:  5    Dex: 11    Spells: 13/13 levels left

rFire   . . .      SeeInvis .   E - +8 demon trident of Ecselyic {venom, rCorr Str+4 Int+5 Stlth+}
rCold   . . .      Faith    .   (no shield)
rNeg    . . .      Spirit   .   N - quicksilver dragon scales
rPois   +          Reflect  +   (helmet restricted)
rElec   .          Harm     .   t - +0 cloak
rCorr   +          Rampage  .   (gloves unavailable)
Will    ++...                   (boots unavailable)
Stlth   +++++.....              v - amulet of reflection
HPRegen 1.14/turn               D - +4 ring of protection
MPRegen 0.16/turn               u - ring of poison resistance

@: heroic
A: large, unfitting armour, claws 3, regeneration 1, shaggy fur 1, tough skin 1
a: Renounce Religion, Heroism, Finesse, Duel


You were on level 2 of the Orcish Mines.
You worshipped Okawaru.
Okawaru was extremely pleased with you.
You visited 4 branches of the dungeon, and saw 21 of its levels.

You collected 2754 gold pieces.

Inventory:

Hand Weapons
 m - a +4 glaive of venom
 s - the +8 spear "Xapiq" {freeze, Int+3}
   (You found it on level 8 of the Dungeon)

   It freezes those it strikes, dealing additional cold damage.
   It can also slow down cold-blooded creatures.
   Int:       It affects your intelligence (+3).
 E - the +8 demon trident of Ecselyic (weapon) {venom, rCorr Str+4 Int+5 Stlth+}
   (You acquired it on level 3 of the Lair of Beasts)

   It poisons the flesh of those it strikes.
   Str:       It affects your strength (+4).
   Int:       It affects your intelligence (+5).
   rCorr:     It protects you from acid and corrosion.
   Stlth:     It makes you more stealthy.
 K - the +5 trident "Woba Cao" {flame, rF+ rCorr Int+5}
   (You found it on level 5 of the Lair of Beasts)

   It burns those it strikes, dealing additional fire damage.
   Int:       It affects your intelligence (+5).
   rF:        It protects you from fire.
   rCorr:     It protects you from acid and corrosion.
 M - the +10 spear "Hellblazer" {vamp, Stlth+}
   (Okawaru gifted it to you on level 5 of the Lair of Beasts)

   It occasionally heals its wielder for a portion of the damage dealt when it
   wounds a living foe.
   Stlth:     It makes you more stealthy.
Missiles
 e - 6 throwing nets
 o - 10 large rocks (quivered)
Armour
 t - a +0 cloak (worn)
 x - +0 steam dragon scales
 C - a +2 robe of cold resistance
 N - quicksilver dragon scales (worn)
Jewellery
 k - a ring of resist corrosion
 u - a ring of poison resistance (right claw)
 v - an amulet of reflection (around neck)
 D - a +4 ring of protection (left claw)
 R - a ring of fire
Wands
 a - a wand of acid (19)
 f - a wand of digging (7)
 y - a wand of iceblast (34)
 I - a wand of flame (21)
Scrolls
 b - 2 scrolls of fog
 c - 7 scrolls of teleportation
 d - 5 scrolls of identify
 h - 2 scrolls of enchant armour
 p - 4 scrolls of blinking
 q - 2 scrolls of torment
 w - 6 scrolls of immolation
 A - 3 scrolls of enchant weapon
 L - a scroll of silence
 O - a scroll of holy word
Potions
 g - 5 potions of curing
 i - 4 potions of flight
 j - 4 potions of mutation
 l - 5 potions of magic
 n - 4 potions of might
 r - 3 potions of lignification
 z - 4 potions of heal wounds
 B - 2 potions of resistance
 F - 2 potions of invisibility
 G - 3 potions of haste
 H - a potion of berserk rage
 J - a potion of ambrosia
 P - a potion of cancellation


   Skills:
 * Level 10.7(15.7) Fighting
 + Level 10.3(15.3) Polearms
 * Level 6.8(11.8) Armour
 + Level 6.8(11.8) Dodging
 + Level 5.1(10.1) Stealth
 + Level 3.1(8.1) Shields
 + Level 11.1(16.1) Unarmed Combat
 * Level 7.3 Invocations


You had 13 spell levels left.
You didn't know any spells.
Your spell library contained the following spells:

 Spells                   Type           Power      Damage    Failure   Level
 Beastly Appendage        Tmut           0%         N/A       41%         1
 Magic Dart               Conj           0%         1d3       41%         1
 Sandblast                Erth           0%         2d4       41%         1
 Shock                    Conj/Air       0%         1d3       41%         1
 Corpse Rot               Necr/Air       0%         N/A       56%         2
 Passwall                 Tmut/Erth      0%         N/A       56%         2
 Wereblood                Tmut           0%         N/A       56%         2
 Frozen Ramparts          Ice            0%         1d2       80%         3
 Ignite Poison            Fire/Tmut/Pois 0%         N/A       80%         3
 Mephitic Cloud           Conj/Pois/Air  0%         N/A       80%         3
 Spider Form              Tmut/Pois      0%         N/A       80%         3
 Stone Arrow              Conj/Erth      0%         3d7       80%         3
 Swiftness                Air            0%         N/A       80%         3
 Airstrike                Air            0%         N/A       99%         4
 Dispel Undead            Necr           0%         3d6       99%         4
 Ice Form                 Ice/Tmut       0%         N/A       99%         4
 Freezing Cloud           Conj/Ice/Air   0%         6-21      100%        5
 Eringya's Noxious Bog    Tmut/Pois      0%         N/A       100%        6
 Polar Vortex             Ice            0%         N/A       100%        9
 Call Imp                 Summ           Unusable   N/A       N/A         2
 Summon Ice Beast         Ice/Summ       Unusable   N/A       N/A         4
 Summon Forest            Summ/Tloc      Unusable   N/A       N/A         5
 Death Channel            Necr           Unusable   N/A       N/A         6
 Simulacrum               Ice/Necr       Unusable   N/A       N/A         6
 Summon Hydra             Summ           Unusable   N/A       N/A         7

Dungeon Overview and Level Annotations

Branches:
Dungeon (12/15)            Temple (1/1) D:7            Lair (6/6) D:10
  Swamp (0/4) Lair:4        Snake (0/4) Lair:3        Slime (0/5) Lair:6
    Orc (2/2) D:11
    Elf: Orc:2

Altars:
Ashenzari
Cheibriados
Dithmenos
Elyvilon
Fedhas
Gozag
Hepliaklqana
Kikubaaqudgha
Makhleb
Nemelex Xobeh
Okawaru
Qazlal
Ru
Sif Muna
Trog
Uskayaw
Vehumet
Wu Jian
Xom
Yredelemnul
Zin
The Shining One
Beogh
Jiyva
Lugonu

Shops:
D:2 (   Orc:1 [

Portals:
Abyss: Lair:6
Trove: D:11 (give 8 scrolls of fog)

Annotations:
Lair:1 3 runed translucent doors, Jethan's ghost, journeyman DjWz
Lair:3 2 transporters, lunkers's ghost, journeyman DgEE
Orc:2 Azrael


Innate Abilities, Weirdness & Mutations

You are too large for most types of armour.
You have claws for hands.
Your natural rate of healing is unusually fast.
You are covered in fur. (AC +1)
You have tough skin. (AC +1)


Message History

You impale Azrael!!
Azrael is moderately wounded.
The hell hound barely misses you. The hell hound closely misses you.
Azrael gestures at you.
The sticky flame hits you but does no damage.
You are covered in liquid flames!
The fire elemental closely misses you.
The hell hound bites you but does no damage.
You puncture Azrael! You claw Azrael!
Azrael is heavily wounded.
You are covered in liquid flames!
The fire elemental closely misses you. You block the hell hound's attack.
Azrael hits you with a +1 scimitar of flaming.
Azrael burns you. The hell hound breathes flames at you.
The blast of flame hits you.
The blast of flame hits the fire elemental.
The fire elemental completely resists.
The fire elemental hits you. The fire elemental burns you!
You gain the combat prowess of a mighty hero.
You are covered in liquid flames!
The hell hound bites you!
The fire elemental completely misses you.
The hell hound closely misses you.
Azrael hits you with a +1 scimitar of flaming!
* * * LOW HITPOINT WARNING * * *
Azrael burns you.
* * * LOW HITPOINT WARNING * * *
You block the hell hound's attack. The fire elemental hits you.
The fire elemental burns you!
* * * LOW HITPOINT WARNING * * *
The fire elemental closely misses you.
Blink to where?
Press: ? - help, Dir - move target
As you read the scroll of blinking, it crumbles to dust.
You are covered in liquid flames!
* * * LOW HITPOINT WARNING * * *
Azrael gestures at you.
The sphere of damnation explodes!
The damnation engulfs you!!!
You die...

...................#...##
.#.##.............###.##
.....#....#.....#......#
.#....†...............##
.....☼☼h..............#
.....EREE..............#
....##.°h...............#
... ###..........#....##
. #....@..........##
...................#
................#.##
.....#.#......... .......
#...... ....... #.....
### #.. ....# #.. .....


You could see Azrael (very poisoned), 3 fire elementals and 2 hell hounds.

Vanquished Creatures
  An orc warlord (D:11)
  The ghost of Kiphydegann the Thaumaturge, a journeyman DjCA of Ignis (Lair:2)
  Harold (D:8)
  8 hydras
  A boulder beetle (Lair:6)
  A catoblepas (Lair:5)
  Erica (Lair:2)
  3 thrashing horrors (Lair:6)
  Urug (Lair:3)
  A swamp dragon (Lair:4)
  Pikel (D:7)
  4 ugly things
  2 cyclopes
  6 elephants (Lair:6)
  2 black mambas
  A manticore (D:11)
  10 cane toads
  A torpor snail (Lair:6)
  3 smoke demons (Lair:6)
  A gargoyle (D:12)
  4 rime drakes
  Maggie (Lair:1)
  10 komodo dragons
  An ancient zyme (Lair:6)
  A troll (D:12)
  A troll (shapeshifter) (Lair:6)
  A hornet (Lair:4)
  4 polar bears
  2 dream sheep (Lair:6)
  26 blink frogs
  Sigmund (D:2)
  A spriggan (Lair:6)
  2 wraiths
  A fire elemental (Orc:2)
  9 wyverns
  A ynoxinul (Lair:6)
  9 basilisks
  55 yaks
  9 small abominations (Lair:6)
  2 chaos spawn (Lair:6)
  A warg (D:11)
  Menkaure (D:5)
  An acid dragon (D:9)
  2 hell hounds (Orc:2)
  Duvessa (D:7)
  5 nagas (Lair:3)
  12 water moccasins
  16 orc warriors
  3 large abominations (Lair:6)
  2 ice beasts
  A sky beast (D:7)
  2 black bears
  A necrophage (D:4)
  8 wolves
  7 ogres
  4 centaurs
  3 kobold brigands
  19 bullfrogs
  A wyvern zombie (D:8)
  A water moccasin zombie (D:7)
  4 scorpions
  Dowan (D:7)
  6 killer bees (D:9)
  2 howler monkeys (D:8)
  9 wights
  2 centaur zombies
  A bullfrog zombie (D:5)
  2 centaur skeletons
  2 hounds
  2 jellies
  14 orc priests
  5 iguanas
  14 orc wizards
  A scorpion zombie (D:5)
  A hound skeleton (D:4)
  13 gnolls (D:5)
  2 howler monkey zombies
  6 adders
  A white imp (D:7)
  An ufetubus (D:5)
  2 adder zombies (D:5)
  4 dart slugs
  45 orcs
  7 ball pythons
  10 endoplasms
  6 giant cockroaches
  9 hobgoblins
  3 jackals (D:1)
  50 kobolds
  2 quokkas (D:1)
  4 bats
  2 frilled lizards
  9 goblins
  3 rats
527 creatures vanquished.

Vanquished Creatures (others)
  12 fungi
  21 plants
33 creatures vanquished.

Grand Total: 560 creatures vanquished

Notes
Turn   | Place    | Note
-------+----------+-------------------------------------------
     0 | D:5      | robertstho the Troll Delver began the quest for the Orb.
     0 | D:5      | Reached XP level 1. HP: 22/22 MP: 0/0
    12 | D:5      | Noticed a black bear
    12 | D:5      | Noticed an ogre
    34 | D:5      | Noticed Menkaure
    40 | D:4      | Noticed an ogre
    52 | D:4      | Noticed a scorpion
    68 | D:4      | Reached XP level 2. HP: 29/29 MP: 1/1
   126 | D:3      | Noticed an ogre
   495 | D:1      | Reached XP level 3. HP: 34/36 MP: 2/2
  1524 | D:2      | Noticed Sigmund
  1539 | D:2      | Killed Sigmund
  1540 | D:2      | Reached skill level 4 in Unarmed Combat
  1540 | D:2      | Reached XP level 4. HP: 45/45 MP: 3/3
  1540 | D:2      | Reached XP level 5. HP: 53/53 MP: 4/4
  1601 | D:2      | Found Plog's Weapon Emporium.
  1955 | D:3      | Found a burning altar of Makhleb.
  2115 | D:3      | Found a faded altar of an unknown god.
  2435 | D:3      | Found a faded altar of an unknown god.
  2441 | D:3      | Found a hazy altar of Hepliaklqana.
  2492 | D:4      | Reached XP level 6. HP: 27/61 MP: 5/5
  2600 | D:4      | Reached skill level 5 in Unarmed Combat
  2804 | D:4      | Reached XP level 7. HP: 59/67 MP: 6/6
  3244 | D:5      | Reached skill level 6 in Unarmed Combat
  3453 | D:5      | Noticed a troll
  3457 | D:5      | Reached skill level 7 in Unarmed Combat
  3472 | D:5      | Reached XP level 8. HP: 34/78 MP: 7/7
  3643 | D:5      | Killed Menkaure
  3969 | D:5      | Reached skill level 8 in Unarmed Combat
  4735 | D:6      | Reached skill level 9 in Unarmed Combat
  5262 | D:7      | Identified a scroll of acquirement
  5266 | D:7      | Acquired 846 gold pieces
  5300 | D:7      | Noticed Duvessa
  5301 | D:7      | Noticed Dowan
  5312 | D:7      | Killed Duvessa
  5313 | D:7      | Reached XP level 9. HP: 70/85 MP: 8/8
  5313 | D:7      | Killed Dowan
  5373 | D:7      | Noticed a komodo dragon
  5378 | D:7      | Killed a komodo dragon
  5449 | D:7      | Found a white marble altar of Elyvilon.
  5475 | D:7      | Found a snail-covered altar of Cheibriados.
  5738 | D:8      | Reached skill level 10 in Unarmed Combat
  5754 | D:8      | Identified the +8 spear "Xapiq" {freeze, Int+3}
  5766 | D:8      | Noticed Harold
  5782 | D:8      | Killed Harold
  5783 | D:8      | Reached skill level 5 in Fighting
  6023 | D:8      | Reached skill level 11 in Unarmed Combat
  6351 | D:7      | Found a sacrificial altar of Ru.
  6643 | D:7      | Reached skill level 1 in Polearms
  6643 | D:7      | Reached XP level 10. HP: 57/95 MP: 9/9
  6763 | D:7      | Noticed Pikel
  6777 | D:7      | Killed Pikel
  6778 | D:7      | Reached skill level 1 in Armour
  6815 | D:7      | Found a staircase to the Ecumenical Temple.
  6876 | Temple   | Entered the Ecumenical Temple
  7120 | D:7      | Found a hide-covered altar of Uskayaw.
  7237 | D:7      | Found a shimmering blue altar of Sif Muna.
  7581 | D:9      | Found a radiant altar of Vehumet.
  7592 | D:9      | Found an iron altar of Okawaru.
  7596 | D:9      | Became a worshipper of Warmaster Okawaru
  7826 | D:9      | Reached skill level 1 in Invocations
  8081 | D:9      | Reached * piety under Okawaru
  8125 | D:9      | Found a sparkling altar of Nemelex Xobeh.
  8320 | D:10     | Entered Level 10 of the Dungeon
  8523 | D:10     | Reached ** piety under Okawaru
  8757 | D:10     | Reached XP level 11. HP: 57/107 MP: 11/11
  8854 | D:10     | Found a glowing silver altar of Zin.
  9169 | D:10     | Found a staircase to the Lair.
  9252 | D:11     | Reached *** piety under Okawaru
  9253 | D:11     | Reached skill level 5 in Polearms
  9253 | D:11     | Reached skill level 5 in Dodging
  9330 | D:11     | Noticed a seven-headed hydra
  9342 | D:11     | Killed a seven-headed hydra
  9343 | D:11     | Reached skill level 1 in Shields
  9390 | D:11     | Noticed a green ugly thing
  9406 | D:11     | Killed a green ugly thing
  9433 | D:11     | Found a portal to a secret trove of treasure.
  9906 | D:11     | Found a staircase to the Orcish Mines.
 10043 | Lair:1   | Entered Level 1 of the Lair of Beasts
 10070 | Lair:1   | Reached **** piety under Okawaru
 10274 | Lair:1   | Noticed Maggie
 10294 | Lair:1   | Killed Maggie
 10294 | Lair:1   | Reached ***** piety under Okawaru
 10544 | Lair:1   | Reached XP level 12. HP: 104/119 MP: 12/14
 10590 | Lair:1   | Received a gift from Okawaru
 10674 | Lair:1   | Noticed Jethan's ghost (journeyman DjWz)
 10697 | Lair:1   | Found a runed translucent gate.
 10697 | Lair:1   | Found a runed translucent gate.
 10697 | Lair:1   | Found a runed translucent gate.
 11263 | Lair:2   | Noticed a four-headed hydra
 11302 | Lair:2   | Killed a four-headed hydra
 11422 | Lair:2   | Received a gift from Okawaru
 11503 | Lair:2   | Noticed a five-headed hydra
 11510 | Lair:2   | Noticed Kiphydegann's ghost (journeyman DjCA)
 11512 | Lair:2   | Found a runed translucent gate.
 11595 | Lair:2   | Noticed an eight-headed hydra
 11607 | Lair:2   | Killed an eight-headed hydra
 11867 | Lair:2   | Found a runed translucent gate.
 11867 | Lair:2   | Found a runed translucent gate.
 11907 | Lair:2   | Noticed Erica
 11923 | Lair:2   | Killed Erica
 11924 | Lair:2   | Reached skill level 5 in Armour
 12475 | Lair:2   | Killed a five-headed hydra
 12476 | Lair:2   | Reached skill level 5 in Invocations
 12493 | Lair:2   | Killed Kiphydegann's ghost
 12656 | Lair:3   | Noticed lunkers's ghost (journeyman DgEE)
 12686 | Lair:3   | Found a transporter.
 12691 | Lair:3   | Found a transporter.
 12794 | Lair:3   | Noticed a four-headed hydra
 12806 | Lair:3   | Killed a four-headed hydra
 12819 | Lair:3   | Received a gift from Okawaru
 13052 | Lair:3   | Noticed Urug
 13081 | Lair:3   | Killed Urug
 13082 | Lair:3   | Reached XP level 13. HP: 9/112 MP: 16/16
 13088 | Lair:3   | Acquired the +8 demon trident of Ecselyic {venom, rCorr
                  | Str+4 Int+5 Stlth+}
 13301 | Lair:3   | Found a staircase to the Snake Pit.
 13654 | Lair:4   | Found a staircase to the Swamp.
 14549 | Lair:5   | Identified the +9 mace of the Grave {vorpal, Dex+3}
 14640 | Lair:5   | Reached skill level 5 in Stealth
 14659 | Lair:5   | Identified the +5 trident "Woba Cao" {flame, rF+ rCorr
                  | Int+5}
 15173 | Lair:5   | Identified the +10 spear "Hellblazer" {vamp, Stlth+}
                  | (Okawaru gifted it to you on level 5 of the Lair of Beasts)
 15173 | Lair:5   | Received a gift from Okawaru
 15308 | Lair:6   | Entered Level 6 of the Lair of Beasts
 15700 | Lair:6   | Received a gift from Okawaru
 15823 | Lair:6   | Reached skill level 10 in Fighting
 15848 | Lair:6   | Reached ****** piety under Okawaru
 16231 | Lair:6   | Found a viscous altar of Jiyva.
 16231 | Lair:6   | Found a staircase to the Slime Pits.
 16468 | Lair:6   | Got the Guide on Poison and Snow
 16495 | Lair:6   | Reached XP level 14. HP: 98/143 MP: 15/18
 16751 | Lair:6   | Received a gift from Okawaru
 16758 | Lair:6   | Found a corrupted altar of Lugonu.
 16764 | Lair:6   | Reached skill level 10 in Polearms
 16782 | Lair:6   | Found a one-way gate to the infinite horrors of the Abyss.
 17153 | Orc:1    | Entered Level 1 of the Orcish Mines
 17176 | Orc:1    | Found Vichuep's Antique Armour Shoppe.
 17192 | Orc:1    | Noticed an orc warlord
 18008 | D:11     | Killed an orc warlord
 18510 | Orc:2    | Entered Level 2 of the Orcish Mines
 18556 | Orc:2    | Noticed Azrael
 18574 | Orc:2    | Killed from afar by Azrael

Illustrated notes

Levels and vault maps discovered:
D:1:      dpeg_arrival_rooms_a, layout_loops_corners, grunt_decor_clamped,
          chequers_serial_rivers_small_3
D:2:      layout_basic, serial_shops, nicolae_shop_advertising_works
          [nicolae_subvault_shop_adworks], guppyfry_early_lair_pool,
          uniq_sigmund
D:3:      layout_basic, nicolae_overflow_ecumenical_swirl,
          overflow_temple_1_default, ebering_ecumenical_altar_petrified,
          minmay_goblin_kobold_house
D:4:      layout_basic
D:5:      minmay_goblin_kobold_castle, layout_loops_ring,
          minmay_chambers_of_fives, uniq_menkaure
D:6:      layout_cave_pods
D:7:      wander_river, layout_basic, nicolae_overflow_hidden_temple, tgw_sif,
          kennysheep_little_box, mainiacjoe_overflow_swirl,
          minmay_temple_entry_overgrown, uniq_duvessa, uniq_pikel
D:8:      layout_loops_ring, uniq_harold
D:9:      layout_roguey, nemelex_spade_bored_becter,
          amethyst_overflow_temple_binary, serial_glass, glass_columns_a,
          glass_columns_c, glass_columns_b, glass_columns_a, glass_columns_a,
          billiards_dpeg
D:10:     layout_irregular_city, zin_academy, grunt_lair_entry_orc_guard_hut
D:11:     layout_rooms, david_orc_4, enter_trove_2, minmay_misc_feat_five,
          serial_bayou_lagoon_a
D:12:     layout_basic
Temple:   minmay_temple_curvy_loop
Lair:1:   layout_loops_ring, gammafunk_ghost_icy, fungi_pond_lemuel, uniq_maggie
Lair:2:   layout_regular_city, gammafunk_ghost_split, uniq_erica
Lair:3:   layout_hall_layers, minmay_snake_entry_guardpost_medium,
          gammafunk_ghost_hive, chequers_serial_rivers_micro_a,
          lemuel_fruit_tree, uniq_urug
Lair:4:   layout_misc_corridors, minmay_swamp_entry_reptiles, st_stairs_12,
          grunt_megastairs_4
Lair:5:   layout_gridlike, grunt_megastairs_5, serial_bayou_shore_a
Lair:6:   hellmonk_lair_end_abyssal_woods, layout_big_grid,
          dpeg_slime_entry_enclosed_altar
Orc:1:    layout_caves, serial_shops, nicolae_shop_statue_plus, shop,
          shop_fountains, nicolae_shop_crystal, mines2_david
Orc:2:    st_orc_town, layout_caves, uniq_nessos, uniq_saint_roka, uniq_azrael

Skill      XL: |  1  2  3  4  5  6  7  8  9 10 11 12 13 14 |
---------------+-------------------------------------------+-----
Stealth        | 3 4 5 |  5.1
Fighting       | 3 4 5 6 7 9 10 | 10.7
Unarmed Combat | 4 5 7 9 11 | 11.1
Dodging        | 2 3 4 5 6 |  6.8
Polearms       | 1 4 6 8 9 10 | 10.3
Armour         | 2 4 5 6 |  6.8
Invocations    | 2 4 5 6 7 |  7.3
Shields        | 1 2 3 |  3.1

Action                   |  1- 3 |  4- 6 |  7- 9 | 10-12 | 13-15 || total
-------------------------+-------+-------+-------+-------+-------++-------
Melee: Unarmed           |    97 |    65 |   267 |       |       ||   429
       Punch             |     2 |     3 |    16 |    57 |    45 ||   123
       Spear             |       |       |    57 |   800 |       ||   857
       Glaive            |       |       |       |    60 |       ||    60
       Demon trident     |       |       |       |       |   571 ||   571
Invok: Heroism           |       |       |       |     5 |     8 ||    13
Evoke: Wand              |       |       |     1 |       |       ||     1
  Use: Potion            |     3 |       |     5 |     3 |       ||    11
       Scroll            |     1 |     5 |     9 |    11 |     6 ||    32
 Stab: Sleeping          |     6 |     9 |    13 |     7 |    11 ||    46
       Distracted        |     1 |     1 |     1 |     1 |     5 ||     9
       Invisible         |     1 |       |       |       |       ||     1
Armor: Robe              |    27 |     7 |    86 |   103 |       ||   223
       Steam dragon scal |       |       |       |   104 |   152 ||   256
       Quicksilver drago |       |       |       |       |    96 ||    96
Dodge: Dodged            |    30 |    20 |   165 |   292 |   245 ||   752
Block: Other             |       |       |       |   133 |    95 ||   228
       Reflection        |       |       |       |     4 |     1 ||     5

Table legend: (Time is in decaauts)
 A = Elapsed time spent in this place.
 B = Non-inter-level travel time spent in this place.
 C = Inter-level travel time spent in this place.
 D = Time resting spent in this place.
 E = Time spent auto-exploring this place.
 F = Levels seen in this place.
 G = Mean time per level.
                   A        B        C        D        E       F      G
               +--------+--------+--------+--------+--------+-----+--------+
         Total |  18320 |  17204 |   1116 |    936 |  12539 |  21 |  872.4 |
       Dungeon |  10811 |  10082 |    729 |    342 |   7728 |  12 |  900.9 |
        Temple |    222 |    199 |     23 |      0 |    196 |   1 |  222.0 |
          Lair |   6868 |   6522 |    346 |    557 |   4375 |   6 | 1144.7 |
  Orcish Mines |    417 |    401 |     16 |     37 |    240 |   2 |  208.5 |
               +--------+--------+--------+--------+--------+-----+--------+

Top non-repeatable levels by time:
  Lair:6: 1610 daAuts
     D:5: 1358 daAuts
  Lair:2: 1333 daAuts
    D:11: 1235 daAuts
     D:7: 1154 daAuts
  Lair:1: 1152 daAuts
  Lair:3: 1123 daAuts
     D:1: 1067 daAuts
    D:10: 961 daAuts
  Lair:5: 944 daAuts
     D:9: 869 daAuts
     D:8: 808 daAuts
     D:4: 774 daAuts
     D:2: 732 daAuts
  Lair:4: 703 daAuts
